 Dungeon Crawl Stone Soup version 0.28-a0-390-gb254ac4902 (webtiles) character file.

Game seed: 18189077807136080432

11 robertstho the Magician (level 2, 0/21 HPs)
             Began as a Djinni Fire Elementalist on Sept 3, 2021.
             Slain by an adder (3 damage)
             ... on level 2 of the Dungeon.
             The game lasted 00:01:01 (659 turns).

robertstho the Magician (Djinni Fire Elementalist)   Turns: 659, Time: 00:01:01

Health: 0/21       AC:  2    Str:  7    XL:     2   Next: 35%
Gold:   20         EV: 12    Int: 16    God:
                   SH:  0    Dex: 13

rFire   + + .      SeeInvis .   b - +0 dagger
rCold   x . .      Faith    .   (no shield)
rNeg    . . .      Spirit   .   a - +0 robe
rPois   ∞          Reflect  .   (no helmet)
rElec   .          Harm     .   (no cloak)
rCorr   .          Rampage  .   (no gloves)
Will    .....                   (boots unavailable)
Stlth   ++........              (no amulet)
HPRegen 0.07/turn               (no ring)
MPRegen 0.00/turn               (no ring)

@: flying
A: sickness immunity, fire resistance 2, cold vulnerability 1, float, innate
caster, hp casting, extra vitality 1
a: no special abilities


You were on level 2 of the Dungeon.
You visited 1 branch of the dungeon, and saw 2 of its levels.

You collected 20 gold pieces.

Inventory:

Hand Weapons
 b - a +0 dagger (weapon)
Armour
 a - a +0 robe (worn)
Jewellery
 f - a +4 ring of evasion
Scrolls
 c - a scroll of amnesia


   Skills:
 + Level 2.2 Dodging
 + Level 1.6 Stealth
 * Level 2.9 Spellcasting


You couldn't memorise any spells.
You knew the following spells:

 Your Spells              Type           Power      Damage    Failure   Level
a - Foxfire               Conj/Fire      44%        2x1d6     6%          1
b - Scorch                Fire           22%        2d6       9%          2
c - Conjure Flame         Conj/Fire      11%        6-21      17%         3
d - Inner Flame           Hex/Fire       11%        N/A       17%         3
e - Flame Wave            Conj/Fire      11%        3d4       50%         4
Your spell library was empty.

Dungeon Overview and Level Annotations

Branches:
Dungeon (2/15)

Altars:


Innate Abilities, Weirdness & Mutations

You are immune to sickness and miasma.
You are immune to poison.
Your flesh is very heat resistant. (rF++)
You are vulnerable to cold. (rC-)
You float through the air rather than walking.
You learn spells naturally, not from books.
Your magical power is your life essence.
You have superior vitality. (+4 HP)


Message History

Found a stone staircase leading down.
A hobgoblin comes into view.
The hobgoblin shouts!
A hobgoblin is nearby!
Casting: Foxfire (safe; 6% risk of failure)
Press: ? - help, Q - select action, (/) - cycle Dir - look around, f - activate You conjure some foxfire!
Unknown command.
The foxfire hits the hobgoblin but does no damage.
The foxfire hits the hobgoblin.
The hobgoblin is lightly wounded.
The hobgoblin hits you. The hobgoblin barely misses you.
The hobgoblin hits you. The hobgoblin hits you. The hobgoblin hits you.
* * * LOW HITPOINT WARNING * * *
The hobgoblin hits you.
* * * LOW HITPOINT WARNING * * *
It was a potion of flight.
You feel more buoyant. The hobgoblin barely misses you.
As you read the scroll labelled ZOYRYA ELUBRO, it crumbles to dust.
It is a scroll of identify.
c - a scroll of amnesia The hobgoblin barely misses you.
You aren't carrying any items that you can evoke.
Unknown command.
There is a stone staircase leading down here.
The hobgoblin closely misses you.
You fly downwards.
The hobgoblin shouts!
The adder hisses angrily.
The goblin shouts!
Found a dagger, a scroll of identify and 14 gold pieces.
Found a stone staircase leading down.
There is a stone staircase leading up here.
Unknown command.
The goblin misses you.
Found a scroll labelled QONKUM VA VUMM.
The adder misses you. The adder bites you.
You die...

##.......#
#.........#
#...?.....#
#.........#
###.........#
....>......#
...###.........#
#.....@Sg.....#
#.###.g.$...?.#
#...g.....#
#.....)...#
##....<..##
##.....##
#######


You could see an adder, 2 hobgoblins and a goblin.

Vanquished Creatures
  3 ball pythons (D:1)
  A bat (D:1)
  A giant cockroach (D:1)
  A goblin (D:1)
  A hobgoblin (D:1)
  2 quokkas (D:1)
9 creatures vanquished.

Vanquished Creatures (others)
  50 foxfires (D:1)
50 creatures vanquished.

Grand Total: 59 creatures vanquished

Notes
Turn   | Place    | Note
-------+----------+-------------------------------------------
     0 | D:1      | robertstho the Djinni Fire Elementalist began the quest for
                  | the Orb.
     0 | D:1      | Reached XP level 1. HP: 15/15 MP: 0/0
   158 | D:1      | Reached XP level 2. HP: 9/21 MP: 0/0
   630 | D:1      | HP: 1/21 [hobgoblin (4)]
   659 | D:2      | Slain by an adder

Illustrated notes

Levels and vault maps discovered:
D:1:      scummos_arrival_star, layout_rooms,
          shapermc_ecumenical_altar_mp_vishouse, st_stairs_12
D:2:      layout_rooms, minmay_shallow_snake_nest

Action                   || total
-------------------------++-------
 Cast: Foxfire           ||    30
  Use: Scroll            ||     1
       Potion            ||     1
Dodge: Dodged            ||     6

Table legend: (Time is in decaauts)
 A = Elapsed time spent in this place.
 B = Non-inter-level travel time spent in this place.
 C = Inter-level travel time spent in this place.
 D = Time resting spent in this place.
 E = Time spent auto-exploring this place.
 F = Levels seen in this place.
 G = Mean time per level.
                   A        B        C        D        E       F      G
               +--------+--------+--------+--------+--------+-----+--------+
         Total |    658 |    658 |      0 |      0 |    558 |   2 |  329.0 |
       Dungeon |    658 |    658 |      0 |      0 |    558 |   2 |  329.0 |
               +--------+--------+--------+--------+--------+-----+--------+

Top non-repeatable levels by time:
     D:1: 654 daAuts
     D:2: 3 daAuts
